 Dungeon Crawl Stone Soup version 0.24.0-123-gd5b16e6ec5 (webtiles) character file.

Game seed: 14425446535066571059, levelgen mode: deterministic

1005 Nemeron the Cudgeler (level 8, -6/60 HPs)
             Began as a Demonspawn Abyssal Knight on Jan 28, 2020.
             Was a Priest of Lugonu.
             Mangled by a gnoll
             ... wielding a +2 whip of electrocution
              (7 damage)
             ... on level 5 of the Dungeon.
             The game lasted 00:39:33 (5898 turns).

Nemeron the Cudgeler (Demonspawn Abyssal Knight)    Turns: 5898, Time: 00:39:34

Health: -6/60      AC: 14    Str: 14    XL:     8   Next: 0%
Magic:  0/12       EV:  0    Int: 14    God:    Lugonu [***...]
Gold:   306        SH: 13    Dex: 13    Spells: 7/7 levels left

rFire    + . .     SeeInvis .   a - +2 mace
rCold    x . .     Gourm    .   f - +1 large shield
rNeg     . . .     Faith    .   s - +0 plate armour
rPois    +         Spirit   +   (no helmet)
rElec    .         Reflect  .   h - +0 cloak
rCorr    .         Harm     .   (no gloves)
MR       .....                  (no boots)
Stlth    ..........             (no amulet)
HPRegen  0.20/turn              b - ring of fire
MPRegen  0.13/turn              r - ring of poison resistance

@: no status effects
A: claws 2, iridescent scales 1, magic shield
a: Depart the Abyss, Bend Space, Banish, Renounce Religion


You were on level 5 of the Dungeon.
You worshipped Lugonu.
Lugonu was most pleased with you.
You were not hungry.

You visited 1 branch of the dungeon, and saw 5 of its levels.
You visited the Abyss 1 time.

You collected 306 gold pieces.

Inventory:

Hand Weapons
 a - a +2 mace (weapon)
Missiles
 e - 28 poisoned darts (quivered)
 k - 189 stones
Armour
 f - a +1 large shield (worn)
 h - a +0 cloak (worn)
 s - a +0 plate armour (worn)
Jewellery
 b - a ring of fire (left claw)
 r - a ring of poison resistance (right claw)
Wands
 n - a wand of polymorph (12)
Scrolls
 d - 3 scrolls of identify
 l - a scroll of enchant weapon
 m - 2 scrolls of teleportation
 p - a scroll of enchant armour
 t - 2 scrolls of amnesia
 u - a scroll of blinking {unknown}
 v - a scroll of fog {unknown}
Potions
 g - 4 potions of curing
 i - 2 potions of haste {unknown}
 j - a potion of magic {unknown}
 o - a potion of heal wounds {unknown}
 q - 3 potions of agility {unknown}
Comestibles
 c - 10 rations


   Skills:
 + Level 4.1 Fighting
 * Level 5.6 Maces & Flails
 * Level 3.8 Armour
 - Level 0.8 Dodging
 * Level 3.0 Shields
 * Level 5.4 Invocations


You had 7 spell levels left.
You didn't know any spells.
Your spell library was empty.

Dungeon Overview and Level Annotations

Branches:
Dungeon (5/15)
 Temple: D:4-7

Altars:
Gozag
Xom

Shops:
D:4 =   D:5 ==?}!


Innate Abilities, Weirdness & Mutations

You have very sharp fingernails.
You are partially covered in iridescent scales. (AC +2)
When hurt, damage is shared between your health and your magic reserves.


Message History

Your plate armour prevents you from hitting the gnoll.
The gnoll is severely wounded.
The gnoll hits you but does no damage.
You are electrocuted!
* * * LOW HITPOINT WARNING * * *
You block the phantom's attack. You block the gnoll's attack.
The gnoll hits you but does no damage. Space bends around you!
You blink.
You hit the phantom.
The phantom is lightly damaged.
You block the phantom's attack.
You closely miss the phantom.
The phantom is lightly damaged.
You block the phantom's attack.
Your shield and plate armour prevent you from hitting the phantom.
The phantom is lightly damaged.
The gnoll hits you with a +2 whip of electrocution.
* * * LOW HITPOINT WARNING * * *
You block the phantom's attack. You block the gnoll's attack.
The gnoll hits you but does no damage.
You are electrocuted!
You die...

.. .# ######.# ###########....#.#
..g .................# .. ...
#.............#... ..g.
#@.........#......
.....##########Wg........<..#..
..g..#.......##g................
............g)g........###.#.###
...#......g#####.....#...#..##
#...........8.8.8.#...#....
#................⌠.⌠...........
########........8.∩.8.#.#...#.#
##########.........⌠.⌠..#.#...#..


You could see a phantom and 3 gnolls.

Vanquished Creatures
  An ogre (D:4)
  2 centaurs (D:5)
  A scorpion (D:5)
  5 crimson imps
  2 bullfrog zombies (D:5)
  A jelly (D:5)
  A bullfrog skeleton (D:4)
  A hound (D:3)
  Crazy Yiuf (D:3)
  An iguana (D:4)
  Ijyb (D:5)
  A hound skeleton (D:4)
  A worker ant zombie (D:5)
  8 gnolls
  6 adders
  An ooze (D:1)
  An adder skeleton (D:5)
  3 worms
  5 dart slugs
  5 leopard geckos
  12 orcs
  13 bats
  A bat skeleton (D:2)
  3 giant cockroaches
  10 goblins
  13 hobgoblins
  11 jackals
  3 quokkas
  4 ball pythons
  6 frilled lizards
  A jackal skeleton (D:5)
  7 kobolds
  A leopard gecko skeleton (D:5)
  5 rats
138 creatures vanquished.

Notes
Turn   | Place    | Note
-------+----------+-------------------------------------------
     0 | Abyss:1  | Nemeron the Demonspawn Abyssal Knight began the quest for
                  | the Orb.
     0 | Abyss:1  | Reached XP level 1. HP: 18/18 MP: 2/2
    74 | Abyss:1  | Noticed a meliai
    77 | D:1      | Escaped the Abyss
   221 | D:1      | Reached * piety under Lugonu
   486 | D:1      | Gained mutation: When hurt, damage is shared between your
                  | health and your magic reserves. [demonic ancestry]
   486 | D:1      | Reached XP level 2. HP: 20/24 MP: 3/3
   789 | D:1      | Gained mutation: You have sharp fingernails. [demonic
                  | ancestry]
   789 | D:1      | Reached XP level 3. HP: 22/29 MP: 5/5
  1386 | D:2      | Reached XP level 4. HP: 33/36 MP: 6/6
  1388 | D:2      | Reached ** piety under Lugonu
  2204 | D:3      | Reached XP level 5. HP: 42/42 MP: 7/7
  2723 | D:3      | Found a shimmering altar of Xom.
  2753 | D:4      | Found Aconuus's Jewellery Emporium.
  2952 | D:3      | Reached *** piety under Lugonu
  3004 | D:3      | Gained mutation: You have very sharp fingernails. [demonic
                  | ancestry]
  3004 | D:3      | Reached XP level 6. HP: 38/48 MP: 9/9
  3073 | D:3      | Reached skill level 1 in Shields
  3652 | D:3      | Found a runed translucent door.
  3653 | D:3      | Noticed Crazy Yiuf
  3895 | D:3      | Killed Crazy Yiuf
  4324 | D:4      | You fall into a shaft and drop 1 floor!
  4324 | D:5      | Entered Level 5 of the Dungeon
  4324 | D:5      | Found Alouz's Distillery.
  4414 | D:5      | Reached skill level 5 in Invocations
  4414 | D:5      | Reached XP level 7. HP: 33/53 MP: 7/10
  4471 | D:5      | Reached skill level 5 in Maces & Flails
  4473 | D:5      | Found an opulent altar of Gozag.
  4485 | D:5      | Found Vextul's Gadget Emporium.
  4501 | D:5      | Found Loimiy's Magic Scroll Shop.
  4541 | D:5      | Noticed Ijyb
  4545 | D:5      | Paralysed by Ijyb for 7 turns
  4595 | D:5      | Paralysed by Ijyb for 2 turns
  4599 | D:5      | Paralysed by Ijyb for 6 turns
  4621 | D:5      | Killed Ijyb
  4666 | D:5      | Found Obuoheg's Jewellery Emporium.
  5810 | D:5      | Found Houfodai's Jewellery Shop.
  5877 | D:5      | Gained mutation: You are partially covered in iridescent
                  | scales. (AC +2) [demonic ancestry]
  5877 | D:5      | Reached XP level 8. HP: 59/60 MP: 12/12
  5898 | D:5      | HP: 1/60 [gnoll/+2 whip of electrocution (3)]
  5898 | D:5      | Mangled by a gnoll

Levels and vault maps discovered:
D:1:      lemuel_arrival_hallway, layout_basic, minmay_misc_feat_pillars
D:2:      minmay_diamond_boxcup, layout_loops_ring, first_ration,
          grunt_ministairs_6
D:3:      layout_loops_corners, led_xom_imps, uniq_crazy_yiuf_cottage
D:4:      layout_loops_ring, minmay_shop_enchanted_jewellery, minmay_pentangle
D:5:      layout_basic, overflow_temple_1_default,
          yredelemnul_forgotten_temple_becter, serial_shops, shop_fountains,
          shop, nicolae_shop_temple_entry_statues_fountains,
          kennysheep_little_box, nicolae_shop_trees, uniq_ijyb

Skill      XL: |  1  2  3  4  5  6  7 |
---------------+----------------------+-----
Maces & Flails | 2 3 4 5 |  5.6
Armour         | 2 3 |  3.8
Invocations    | 3 4 5 |  5.4
Shields        | 1 3 |  3.0
Fighting       | 4 |  4.1
Dodging        | |  0.8

Action                   |  1- 3 |  4- 6 |  7- 9 || total
-------------------------+-------+-------+-------++-------
Melee: Mace              |   123 |   371 |   171 ||   665
 Fire: Hunting sling     |     4 |       |       ||     4
Throw: Dart              |       |       |     2 ||     2
Invok: Depart the Abyss  |     1 |       |       ||     1
       Bend Space        |       |       |     1 ||     1
  Use: Scroll            |       |     8 |       ||     8
       Potion            |       |     1 |       ||     1
  Eat: Ration            |     1 |     3 |     1 ||     5
Armor: Scale mail        |    81 |   150 |       ||   231
       Leather armour    |     1 |       |       ||     1
       Plate armour      |       |    25 |    86 ||   111
Dodge: Dodged            |    73 |    93 |     5 ||   171
Block: Large shield      |       |   201 |   120 ||   321
